| TOP OF THE 1ST |
|
Jacksonville Suns batting - Pitching for San Antonio Missions : RHP Jordan Arredondo
|
|
Pitching: RHP Jordan Arredondo
|
|
|
Batting: LHB Jose Cabello
|
0-0: Foul Ball, location: 2F 0-1: Foul Ball, location: 2F 0-2: Ball 1-2: Foul Ball, location: 2F 1-2: Fly out, F7 (Flyball, 78M, EV 76.9 MPH)
|
|
Batting: RHB Mike Gar
|
0-0: Called Strike 0-1: Fly out, F4 (Popup, 34S, EV 74.4 MPH)
|
|
Batting: RHB Rick Fell
|
0-0: Called Strike 0-1: Ball 1-1: Swinging Strike 1-2: Strikes out swinging
|
| Top of the 1st over - 0 runs, 0 hits, 0 errors, 0 left on base; Jacksonville 0 - San Antonio 0 |
| BOTTOM OF THE 1ST |
|
San Antonio Missions batting - Pitching for Jacksonville Suns : RHP Nick Newmaster
|
|
Pitching: RHP Nick Newmaster
|
|
|
Batting: LHB Tsutomu Miyahara
|
0-0: Ball 1-0: Swinging Strike 1-1: Ground out 6-3 (Groundball, 6M, EV 86.9 MPH)
|
|
Batting: LHB Conrad Taylor
|
0-0: Ground out 1-3 (Groundball, 34S, EV 66.9 MPH)
|
|
Batting: LHB Javy Portela
|
0-0: Ball 1-0: Ball 2-0: Ball 3-0: Base on Balls
|
|
Batting: LHB Corey Lewis
|
0-0: Called Strike Javy Portela steals 2nd base 0-1: Foul Ball, location: 2F 0-2: Strikes out swinging
|
| Bottom of the 1st over - 0 runs, 0 hits, 0 errors, 1 left on base; Jacksonville 0 - San Antonio 0 |
| TOP OF THE 2ND |
|
Jacksonville Suns batting - Pitching for San Antonio Missions : RHP Jordan Arredondo
|
|
Batting: LHB Jeff Tavella
|
0-0: Ball 1-0: Ball 2-0: Foul Ball, location: 2F 2-1: Called Strike 2-2: Ball 3-2: Foul Ball, location: 2F 3-2: Foul Ball, location: 2F 3-2: SINGLE (Line Drive, 8RS, EV 88.1 MPH)
|
|
Batting: RHB German Mendoza
|
0-0: Ball 1-0: Foul Ball, location: 2F 1-1: Ball 2-1: Called Strike 2-2: Foul Ball, location: 2F 2-2: Strikes out swinging
|
|
Batting: SHB Yoo-chul Jung
|
0-0: Called Strike 0-1: Ball 1-1: Ball 2-1: Ball 3-1: SINGLE (Line Drive, 6MD, EV 95.0 MPH) Jeff Tavella to second
|
|
Batting: LHB Emilio Cordero
|
0-0: Ball 1-0: Ball 2-0: Swinging Strike 2-1: Swinging Strike 2-2: Strikes out swinging
|
|
Batting: RHB Marco Sianez
|
0-0: Foul Ball, location: 2F 0-1: Foul Ball, location: 2F 0-2: Foul Ball, location: 2F 0-2: SINGLE (Line Drive, 7S, EV 100.0 MPH) Jeff Tavella to third Yoo-chul Jung to second Runner from 3rd tries for Home, SAFE, throw by LF to home
|
|
Batting: RHB Pi-ao Xú
|
0-0: Ball 1-0: Foul Ball, location: 2F 1-1: Reached via error on a dropped throw from SS, E4 (Groundball, 6D, EV 87.5 MPH) Yoo-chul Jung to third Marco Sianez to second
|
|
Batting: LHB Jose Cabello
|
0-0: Called Strike 0-1: Called Strike 0-2: Foul Ball, location: 2F 0-2: Foul Ball, location: 2F 0-2: DOUBLE (Line Drive, 7LS, EV 103.1 MPH) Yoo-chul Jung scores Marco Sianez scores Pi-ao Xú to third Runner from 3rd tries for Home, throw by LF and OUT! 7-6-2
|
| Top of the 2nd over - 3 runs, 4 hits, 1 error, 1 left on base; Jacksonville 3 - San Antonio 0 |
| BOTTOM OF THE 2ND |
|
San Antonio Missions batting - Pitching for Jacksonville Suns : RHP Nick Newmaster
|
|
Batting: RHB Min-chin Yi
|
0-0: Ball 1-0: Ball 2-0: DOUBLE (Groundball, 3L, EV 106.9 MPH)
|
|
Batting: LHB Josh Slusarczyk
|
0-0: Ball 1-0: Ball 2-0: Foul Ball, location: 2F 2-1: Ball 3-1: Base on Balls
|
|
Batting: RHB Scott Schwartz
|
0-0: Ball 1-0: Ground out 5-3 (Groundball, 56S, EV 63.1 MPH) Min-chin Yi to third Josh Slusarczyk to second
|
|
Batting: LHB Alejandro Matos
|
0-0: Ball 1-0: Ground out 1-3 (Groundball, 15S, EV 65.0 MPH)
|
|
Batting: RHB Nate Burkhalter
|
0-0: Ball 1-0: Foul Ball, location: 2F 1-1: Fly out, F8 (Flyball, 8RM, EV 93.8 MPH)
|
| Bottom of the 2nd over - 0 runs, 1 hit, 0 errors, 2 left on base; Jacksonville 3 - San Antonio 0 |
| TOP OF THE 3RD |
|
Jacksonville Suns batting - Pitching for San Antonio Missions : RHP Jordan Arredondo
|
|
Batting: RHB Mike Gar
|
0-0: Ground out 4-3 (Groundball, 4, EV 99.4 MPH)
|
|
Batting: RHB Rick Fell
|
0-0: Fly out, F8 (Line Drive, 8LD, EV 95.0 MPH)
|
|
Batting: LHB Jeff Tavella
|
0-0: Ball 1-0: Foul Ball, location: 2F 1-1: Ball 2-1: Fly out, F8 (Flyball, 8RM, EV 86.2 MPH)
|
| Top of the 3rd over - 0 runs, 0 hits, 0 errors, 0 left on base; Jacksonville 3 - San Antonio 0 |
| BOTTOM OF THE 3RD |
|
San Antonio Missions batting - Pitching for Jacksonville Suns : RHP Nick Newmaster
|
|
Batting: LHB Tsutomu Miyahara
|
0-0: Called Strike 0-1: Ball 1-1: Ball 2-1: Ground out 4-3 (Groundball, 4, EV 81.9 MPH)
|
|
Batting: LHB Conrad Taylor
|
0-0: Ball 1-0: Ball 2-0: Called Strike 2-1: Ground out 3-1 (Groundball, 34, EV 101.9 MPH)
|
|
Batting: LHB Javy Portela
|
0-0: Ball 1-0: Called Strike 1-1: Foul Ball, location: 2F 1-2: Ball 2-2: Strikes out swinging
|
| Bottom of the 3rd over - 0 runs, 0 hits, 0 errors, 0 left on base; Jacksonville 3 - San Antonio 0 |
| TOP OF THE 4TH |
|
Jacksonville Suns batting - Pitching for San Antonio Missions : RHP Jordan Arredondo
|
|
Batting: RHB German Mendoza
|
0-0: Ball 1-0: Foul Ball, location: 2F 1-1: Fly out, F7 (Flyball, 7LM, EV 96.2 MPH)
|
|
Batting: SHB Yoo-chul Jung
|
0-0: Swinging Strike 0-1: Ball 1-1: Ground out 5-3 (Groundball, 5, EV 104.4 MPH)
|
|
Batting: LHB Emilio Cordero
|
0-0: Called Strike 0-1: Ball 1-1: Ball 2-1: Ball 3-1: Foul Ball, location: 2F 3-2: Foul Ball, location: 2F 3-2: Strikes out looking
|
| Top of the 4th over - 0 runs, 0 hits, 0 errors, 0 left on base; Jacksonville 3 - San Antonio 0 |
| BOTTOM OF THE 4TH |
|
San Antonio Missions batting - Pitching for Jacksonville Suns : RHP Nick Newmaster
|
|
Batting: LHB Corey Lewis
|
0-0: Ball 1-0: Ball 2-0: Ball 3-0: Base on Balls
|
|
Batting: RHB Min-chin Yi
|
0-0: Called Strike Corey Lewis steals 2nd base 0-1: Swinging Strike 0-2: Ball 1-2: Ball 2-2: Foul Ball, location: 2F 2-2: Ground out 6-3 (Groundball, 6, EV 82.5 MPH) Corey Lewis to third
|
|
Batting: LHB Josh Slusarczyk
|
0-0: Ball 1-0: Ground out 4-3 (Groundball, 4, EV 84.4 MPH) Corey Lewis scores
|
|
Batting: RHB Scott Schwartz
|
0-0: Ball 1-0: Ball 2-0: Called Strike 2-1: Fly out, F7 (Flyball, 78D, EV 96.9 MPH)
|
| Bottom of the 4th over - 1 run, 0 hits, 0 errors, 0 left on base; Jacksonville 3 - San Antonio 1 |
| TOP OF THE 5TH |
|
Jacksonville Suns batting - Pitching for San Antonio Missions : RHP Jordan Arredondo
|
|
Batting: RHB Marco Sianez
|
0-0: Ball 1-0: Called Strike 1-1: Called Strike 1-2: Ball 2-2: Strikes out looking
|
|
Batting: RHB Pi-ao Xú
|
0-0: SINGLE (Groundball, 6MD, EV 99.4 MPH)
|
|
Batting: LHB Jose Cabello
|
0-0: Fielders Choice at 2nd, 1-4 (Groundball, 25, EV 67.5 MPH)
|
|
Batting: RHB Mike Gar
|
0-0: Ball 1-0: Fielders Choice at 2nd, 6-4 (Groundball, 6, EV 83.8 MPH)
|
| Top of the 5th over - 0 runs, 1 hit, 0 errors, 1 left on base; Jacksonville 3 - San Antonio 1 |
| BOTTOM OF THE 5TH |
|
San Antonio Missions batting - Pitching for Jacksonville Suns : RHP Nick Newmaster
|
|
Batting: LHB Alejandro Matos
|
0-0: Called Strike 0-1: Called Strike 0-2: Ball 1-2: Foul Ball, location: 2F 1-2: Ball 2-2: Strikes out swinging
|
|
Batting: RHB Nate Burkhalter
|
0-0: Ball 1-0: Foul Ball, location: 2F 1-1: Ground out 6-3 (Groundball, 6, EV 86.9 MPH)
|
|
Batting: LHB Tsutomu Miyahara
|
0-0: Called Strike 0-1: Foul Ball, location: 2F 0-2: Ball 1-2: Ball 2-2: SINGLE (Groundball, 4MD, EV 99.4 MPH)
|
|
Pitching: LHP Will Devitt
|
|
|
Batting: LHB Conrad Taylor
|
0-0: Ball 1-0: Ball 2-0: Called Strike Tsutomu Miyahara is caught stealing 2nd base 2-6
|
| Bottom of the 5th over - 0 runs, 1 hit, 0 errors, 0 left on base; Jacksonville 3 - San Antonio 1 |
| TOP OF THE 6TH |
|
Jacksonville Suns batting - Pitching for San Antonio Missions : RHP Jordan Arredondo
|
|
Batting: RHB Rick Fell
|
0-0: Called Strike 0-1: Swinging Strike 0-2: Ground out 4-3 (Groundball, 4, EV 78.1 MPH)
|
|
Batting: LHB Jeff Tavella
|
0-0: Ball 1-0: Ball 2-0: Foul Ball, location: 2F 2-1: Foul Ball, location: 2F 2-2: Foul Ball, location: 2F 2-2: Strikes out swinging
|
|
Batting: RHB German Mendoza
|
0-0: Foul Ball, location: 2F 0-1: Called Strike 0-2: Strikes out swinging
|
| Top of the 6th over - 0 runs, 0 hits, 0 errors, 0 left on base; Jacksonville 3 - San Antonio 1 |
| BOTTOM OF THE 6TH |
|
San Antonio Missions batting - Pitching for Jacksonville Suns : LHP Will Devitt
|
|
Batting: LHB Conrad Taylor
|
0-0: Called Strike 0-1: Ball 1-1: Swinging Strike 1-2: Strikes out looking
|
|
Batting: LHB Javy Portela
|
0-0: Called Strike 0-1: Called Strike 0-2: Ball 1-2: Ground out 6-3 (Groundball, 6, EV 95.0 MPH)
|
|
Batting: LHB Corey Lewis
|
0-0: Foul Ball, location: 2F 0-1: Foul Ball, location: 2F 0-2: Foul Ball, location: 2F 0-2: Ball 1-2: Strikes out swinging
|
| Bottom of the 6th over - 0 runs, 0 hits, 0 errors, 0 left on base; Jacksonville 3 - San Antonio 1 |
| TOP OF THE 7TH |
|
Jacksonville Suns batting - Pitching for San Antonio Missions : RHP Jordan Arredondo
|
|
Batting: SHB Yoo-chul Jung
|
0-0: Ball 1-0: Ball 2-0: Ball 3-0: Called Strike 3-1: Foul Ball, location: 2F 3-2: Foul Ball, location: 2F 3-2: Foul Ball, location: 2F 3-2: Base on Balls
|
|
Batting: LHB Emilio Cordero
|
0-0: Hit by Pitch Yoo-chul Jung to second
|
|
Batting: RHB Marco Sianez
|
0-0: Ball 1-0: Bunt missed! 1-1: Bunt missed! 1-2: Grounds into double play, 1-6-3 (Groundball, 13S, EV 70.6 MPH) Yoo-chul Jung to third
|
|
Pitching: RHP Tristan Vollmer
|
|
|
Batting: RHB Pi-ao Xú
|
0-0: SINGLE (Groundball, 6MD, EV 100.0 MPH) Yoo-chul Jung scores
|
|
Batting: LHB Jose Cabello
|
0-0: Foul Ball, location: 2F 0-1: Ground out 4-3 (Groundball, 4, EV 88.1 MPH)
|
| Top of the 7th over - 1 run, 1 hit, 0 errors, 1 left on base; Jacksonville 4 - San Antonio 1 |
| BOTTOM OF THE 7TH |
|
San Antonio Missions batting - Pitching for Jacksonville Suns : LHP Will Devitt
|
|
Pitching: RHP Stefan Snel
|
|
|
Now in LF: Jose Cabello
|
|
|
Now in CF: Juan Solorzano
|
|
|
Batting: RHB Min-chin Yi
|
0-0: Ball 1-0: Foul Ball, location: 2F 1-1: Foul Ball, location: 2F 1-2: Ball 2-2: Strikes out swinging
|
|
Batting: LHB Josh Slusarczyk
|
0-0: Ball 1-0: SOLO HOME RUN (Flyball, 9D, EV 100.0 MPH), Distance : 380 ft
|
|
Batting: RHB Scott Schwartz
|
0-0: Ball 1-0: Ball 2-0: Ball 3-0: Base on Balls
|
|
Batting: LHB Alejandro Matos
|
0-0: Ball 1-0: Ball 2-0: Foul Ball, location: 2F 2-1: Ball 3-1: Foul Ball, location: 2F 3-2: DOUBLE (Line Drive, 9LM, EV 105.6 MPH) Scott Schwartz to third Scott Schwartz scores
|
|
Pinch Hitting: LHB Ben Antal
|
0-0: Foul Ball, location: 2F 0-1: Ball 1-1: Foul Ball, location: 2F 1-2: Ball 2-2: 2-RUN HOME RUN (Flyball, 9D, EV 96.9 MPH), Distance : 376 ft
|
|
Pitching: RHP Pedro Taveras
|
|
|
Batting: LHB Tsutomu Miyahara
|
0-0: Ball 1-0: Swinging Strike 1-1: Ball 2-1: Called Strike 2-2: Ball 3-2: Foul Ball, location: 2F 3-2: Base on Balls
|
|
Batting: LHB Conrad Taylor
|
0-0: Called Strike Tsutomu Miyahara steals 2nd base 0-1: Ball 1-1: Intentional Walk
|
|
Batting: LHB Javy Portela
|
0-0: Called Strike 0-1: 3-RUN HOME RUN (Flyball, 89XD, EV 107.5 MPH), Distance : 421 ft
|
|
Batting: LHB Corey Lewis
|
0-0: Ball 1-0: Called Strike 1-1: Ball 2-1: Foul Ball, location: 2F 2-2: Ball 3-2: Foul Ball, location: 2F 3-2: Foul Ball, location: 2F 3-2: Base on Balls
|
|
Pitching: RHP Tim Poist
|
|
|
Batting: RHB Min-chin Yi
|
0-0: Ball 1-0: Ball 2-0: Ball 3-0: Called Strike 3-1: SINGLE (Line Drive, 4M, EV 100.0 MPH) Corey Lewis to second
|
|
Batting: LHB Josh Slusarczyk
|
0-0: Swinging Strike 0-1: Ball 1-1: Ball 2-1: DOUBLE (Groundball, 3L, EV 94.4 MPH) Corey Lewis scores Min-chin Yi to third Runner from 3rd tries for Home, SAFE, throw by RF to home
|
|
Batting: RHB Scott Schwartz
|
0-0: Ball 1-0: Called Strike 1-1: Ball 2-1: Swinging Strike 2-2: Foul Ball, location: 2F 2-2: Foul Ball, location: 2F 2-2: Strikes out swinging
|
|
Batting: LHB Alejandro Matos
|
0-0: Ball 1-0: Called Strike 1-1: Called Strike 1-2: Foul Ball, location: 2F 1-2: Ball 2-2: Foul Ball, location: 2F 2-2: Foul Ball, location: 2F 2-2: Foul Ball, location: 2F 2-2: Ball 3-2: Base on Balls
|
|
Batting: LHB Ben Antal
|
0-0: Ball 1-0: Called Strike 1-1: Foul Ball, location: 2F 1-2: Foul Ball, location: 2F 1-2: Ball 2-2: DOUBLE (Groundball, 3L, EV 105.0 MPH) Josh Slusarczyk scores Alejandro Matos to third
|
|
Batting: LHB Tsutomu Miyahara
|
0-0: Ball 1-0: DOUBLE (Line Drive, 3D, EV 95.0 MPH) Alejandro Matos scores Ben Antal scores
|
|
Batting: LHB Conrad Taylor
|
0-0: Foul Ball, location: 2F 0-1: Foul Ball, location: 2F 0-2: DOUBLE (Line Drive, 7LM, EV 104.4 MPH) Tsutomu Miyahara scores
|
|
Pitching: RHP Manny Gonzalez
|
|
|
Batting: LHB Javy Portela
|
0-0: Ball 1-0: Ball 2-0: Foul Ball, location: 2F 2-1: 2-RUN HOME RUN (Line Drive, 89XD, EV 105.6 MPH), Distance : 414 ft
|
|
Batting: LHB Corey Lewis
|
0-0: Called Strike 0-1: Foul Ball, location: 2F 0-2: Ball 1-2: Ball 2-2: Fly out, F7 (Flyball, 7D, EV 100.0 MPH)
|
| Bottom of the 7th over - 15 runs, 10 hits, 0 errors, 0 left on base; Jacksonville 4 - San Antonio 16 |
| TOP OF THE 8TH |
|
Jacksonville Suns batting - Pitching for San Antonio Missions : RHP Tristan Vollmer
|
|
Now at 3B: Ryohei Nakano
|
|
|
Batting: LHB Juan Solorzano
|
0-0: Swinging Strike 0-1: Swinging Strike 0-2: Ball 1-2: Strikes out looking
|
|
Batting: RHB Rick Fell
|
0-0: Ball 1-0: Ball 2-0: Ball 3-0: Base on Balls
|
|
Batting: LHB Jeff Tavella
|
0-0: Foul Ball, location: 2F 0-1: Called Strike 0-2: Ball 1-2: Strikes out swinging
|
|
Batting: RHB German Mendoza
|
0-0: Called Strike 0-1: Foul Ball, location: 2F 0-2: Ball 1-2: Strikes out looking
|
| Top of the 8th over - 0 runs, 0 hits, 0 errors, 1 left on base; Jacksonville 4 - San Antonio 16 |
| BOTTOM OF THE 8TH |
|
San Antonio Missions batting - Pitching for Jacksonville Suns : RHP Manny Gonzalez
|
|
Batting: RHB Min-chin Yi
|
0-0: Called Strike 0-1: Foul Ball, location: 2F 0-2: Ball 1-2: SINGLE (Groundball, 4, EV 98.1 MPH)
|
|
Batting: LHB Josh Slusarczyk
|
0-0: Ball 1-0: Foul Ball, location: 2F 1-1: Ball 2-1: Swinging Strike 2-2: Fly out, F6 (Popup, 6D, EV 49.4 MPH)
|
|
Batting: RHB Scott Schwartz
|
0-0: Foul Ball, location: 2F 0-1: Called Strike 0-2: Ball 1-2: Foul Ball, location: 2F 1-2: Ball Wild Pitch! Min-chin Yi to second 2-2: Foul Ball, location: 2F 2-2: Ball 3-2: SINGLE (Groundball, 56D, EV 98.1 MPH) Min-chin Yi to third Runner from 3rd tries for Home, throw by LF and OUT! 7-2 Scott Schwartz to second
|
|
Batting: LHB Alejandro Matos
|
0-0: Fly out, F7 (Flyball, 7S, EV 95.0 MPH)
|
| Bottom of the 8th over - 0 runs, 2 hits, 0 errors, 1 left on base; Jacksonville 4 - San Antonio 16 |
| TOP OF THE 9TH |
|
Jacksonville Suns batting - Pitching for San Antonio Missions : RHP Tristan Vollmer
|
|
Batting: SHB Yoo-chul Jung
|
0-0: Ground out U3 (Groundball, 3, EV 81.2 MPH)
|
|
Batting: LHB Emilio Cordero
|
0-0: Called Strike 0-1: Ball 1-1: Swinging Strike 1-2: Strikes out swinging
|
|
Batting: RHB Marco Sianez
|
0-0: Ball 1-0: Fly out, F9 (Flyball, 9, EV 89.4 MPH)
|
| Top of the 9th over - 0 runs, 0 hits, 0 errors, 0 left on base; Jacksonville 4 - San Antonio 16 |
|